 Dungeon Crawl Stone Soup version 0.23.2-40-g277498a001 (webtiles) character file.

Game seed: 9996114074202892433

17057 Cykl0x the Carver (level 12, -5/93 HPs)
             Began as a Formicid Fighter on Oct 20, 2019.
             Was a Priest of Makhleb.
             Slain by an ettin
             ... wielding a cursed -1 dire flail
              (9 damage)
             ... on level 12 of the Dungeon.
             The game lasted 00:37:57 (12064 turns).

Cykl0x the Carver (Formicid Fighter)               Turns: 12064, Time: 00:38:00

Health: -5/93      AC: 15    Str: 25    XL:     12   Next: 77%
Magic:  18/18      EV:  6    Int:  9    God:    Makhleb [***...]
Gold:   973        SH: 19    Dex: 10    Spells: 11/11 levels left

rFire    + . .     SeeInvis +   t - +4 great sword
rCold    + . .     Gourm    +   j - +1 large shield
rNeg     . . .     Faith    .   M - +0 plate armour {rPois}
rPois    +         Spirit   .   (helmet unavailable)
rElec    .         Reflect  .   (no cloak)
rCorr    .         Harm     .   l - +1 pair of gloves
MR       +....                  (no boots)
Stlth    ..........             y - amulet of the gourmand
HPRegen  0.25/turn              n - ring "Qeunkoj" {rF+ rC+ SInv Stlth+}
MPRegen  0.16/turn              (no ring)

@: drained
A: permanent stasis, dig shafts and tunnels, four strong arms, antennae 3
a: Dig, Shaft Self, Minor Destruction, Lesser Servant of Makhleb, Renounce
Religion


You were on level 12 of the Dungeon.
You worshipped Makhleb.
Makhleb was most pleased with you.
You were very full.

You visited 2 branches of the dungeon, and saw 13 of its levels.

You collected 973 gold pieces.

Inventory:

Hand Weapons
 t - a +4 great sword (weapon)
 x - a +2 dagger of venom
 F - a +2 falchion of holy wrath
Missiles
 k - 338 stones
 K - a tomahawk (quivered)
 L - a javelin
Armour
 b - a +0 scale mail
 c - +0 swamp dragon scales
 h - a +0 pair of gloves
 j - a +1 large shield (worn)
 l - a +1 pair of gloves (worn)
 B - a +3 scale mail
 M - a +0 plate armour of poison resistance (worn)
Jewellery
 n - the ring "Qeunkoj" (left hand) {rF+ rC+ SInv Stlth+}
   (You found it on level 2 of the Dungeon)

   [ring of see invisible]

   It protects you from fire.
   It protects you from cold.
   It lets you see invisible.
   It makes you more stealthy.
 r - an uncursed ring of fire
 y - an amulet of the gourmand (around neck)
 I - an uncursed ring of fire
Wands
 p - a wand of flame (46)
 A - a wand of digging (6)
 C - a wand of clouds (5)
 G - a wand of scattershot (3)
 H - a wand of iceblast (9)
Scrolls
 m - 5 scrolls of remove curse
 o - 2 scrolls of immolation
 s - 2 scrolls of magic mapping
 w - 2 scrolls of amnesia
 D - a scroll of fear
Potions
 d - a potion of mutation
 e - a potion of heal wounds
 g - a potion of cancellation
 i - 3 potions of flight
 q - 2 potions of brilliance
 u - a potion of lignification
 v - a potion of magic {unknown}
 z - 2 potions of ambrosia
Comestibles
 f - 32 rations


   Skills:
 + Level 8.2(7.4) Fighting
 + Level 11.9(11.0) Long Blades
 + Level 4.4(3.6) Throwing
 + Level 8.2(7.3) Armour
 + Level 3.6(2.8) Dodging
 + Level 1.8(1.1) Stealth
 + Level 11.1(10.2) Shields
 * Level 8.4(7.5) Invocations


You had 11 spell levels left.
You didn't know any spells.
Your spell library contained the following spells:

 Spells                   Type           Power        Failure   Level  Hunger
 Animate Skeleton         Necr           N/A          100%        1    ##.....
 Apportation              Tloc           #.....       100%        1    ##.....
 Confusing Touch          Hex            #.....       100%        1    ##.....
 Flame Tongue             Conj/Fire      #....        100%        1    ##.....
 Magic Dart               Conj           #...         100%        1    ##.....
 Sandblast                Erth           #.....       100%        1    ##.....
 Summon Small Mammal      Summ           #...         100%        1    ##.....
 Passwall                 Tmut/Erth      #.......     100%        2    ###....
 Poisonous Vapours        Pois/Air       #.....       100%        2    ###....
 Searing Ray              Conj           #.....       100%        2    ###....
 Conjure Flame            Conj/Fire      #.......     100%        3    ####...
 Dazzling Spray           Conj/Hex       #.....       100%        3    ####...
 Mephitic Cloud           Conj/Pois/Air  #.......     100%        3    ####...
 Stone Arrow              Conj/Erth      #.....       100%        3    ####...
 Cause Fear               Hex            #.........   100%        4    #####..
 Force Lance              Conj/Tloc      #.......     100%        4    #####..
 Fulminant Prism          Conj/Hex       #.........   100%        4    #####..
 Iskenderun's Mystic Bla  Conj           #.......     100%        4    #####..
 Petrify                  Tmut/Erth      #.......     100%        4    #####..
 Lee's Rapid Deconstruct  Erth           #.........   100%        5    ######.
 Bolt of Fire             Conj/Fire      #.........   100%        6    #######
 Freezing Cloud           Conj/Ice/Air   #.........   100%        6    #######
 Dragon Form              Tmut           #.........   100%        7    #######
 Ring of Flames           Chrm/Fire      #.........   100%        7    #######
 Dragon's Call            Summ           #.........   100%        9    #######


Dungeon Overview and Level Annotations

Branches:
Dungeon (12/15)            Temple (1/1) D:5            Lair (0/6) D:10
    Orc (0/2) D:12

Altars:
Ashenzari
Cheibriados
Dithmenos
Elyvilon
Fedhas
Gozag
Hepliaklqana
Kikubaaqudgha
Makhleb
Nemelex Xobeh
Okawaru
Qazlal
Ru
Sif Muna
Trog
Uskayaw
Vehumet
Wu Jian
Xom
Yredelemnul
Zin
The Shining One

Shops:
D:8 :


Innate Abilities, Weirdness & Mutations

You cannot be hasted, slowed, berserked, paralysed or teleported.
You can dig through walls and to a lower floor.
Your four strong arms can wield two-handed weapons with a shield.
You have a pair of large antennae on your head. (SInv)


Message History

The centaur warrior is almost dead.
The centaur warrior hits you but does no damage.
You block the centaur warrior's attack.
You carve the centaur warrior like a ham!!!
You kill the centaur warrior!
Makhleb accepts your kill.
You slash the ettin!
The ettin is lightly wounded.
You block the ettin's attack. x2
You hit the ettin but do no damage.
The ettin is lightly wounded.
The ettin barely misses you. The ettin hits you but does no damage.
You feel drained.
Your shield and plate armour prevent you from hitting the ettin.
The ettin is lightly wounded.
You block the ettin's attack.
The ettin hits you with a +2 dire flail of draining!!
* * * LOW HITPOINT WARNING * * *
You feel drained.
You die...

#........#
#........#
#........#
#........#
#........# ###
##### #@##
....#############C#
##..##.......'.#{##
#####.#########.{#
....'.#(!+o....###
....'.#[$+....{
#####.#########{{
##..##.. { ....#
###


You could see an ettin.

Vanquished Creatures
  A stone giant (D:12)
  2 centaur warriors
  An ogre mage (D:10)
  4 two-headed ogres (D:11)
  A wizard (D:10)
  A swamp dragon (D:10)
  A cyclops (D:10)
  A manticore (D:12)
  A gargoyle (D:12)
  A freezing wraith (D:10)
  A troll (D:12)
  2 hornets (D:8)
  2 hippogriffs
  A vampire (D:12)
  2 wraiths
  5 yaks (D:10)
  A human (D:5)
  Menkaure (D:2)
  2 hungry ghosts
  A soldier ant (D:8)
  4 orc warriors
  2 ice beasts
  5 sky beasts
  4 phantoms
  2 necrophages
  11 centaurs
  7 ogres
  A crocodile (D:9)
  A big kobold (D:11)
  6 bullfrogs
  A wyvern skeleton (D:10)
  5 scorpions
  10 wights
  3 killer bees (D:11)
  4 howler monkeys
  5 crimson imps
  2 bullfrog zombies
  2 centaur zombies
  3 hounds
  2 centaur skeletons
  2 jellies
  11 orc priests
  3 iguanas
  7 bullfrog skeletons
  11 orc wizards
  8 worker ants
  2 hound zombies
  2 human simulacra (D:11)
  A hound skeleton (D:7)
  A howler monkey zombie (D:5)
  A mummy (D:2)
  2 worker ant zombies (D:9)
  9 adders
  3 shadow imps
  An ooze (D:2)
  6 worms
  4 dart slugs
  7 leopard geckos
  64 orcs
  A ball python (D:3)
  6 giant cockroaches
  8 hobgoblins
  5 jackals
  4 quokkas
  12 bats
  4 frilled lizards
  A giant cockroach zombie (D:5)
  4 goblins
  A jackal skeleton (D:5)
  A jackal zombie (D:6)
  18 kobolds
  2 quokka skeletons
  A quokka zombie (D:2)
  9 rats
334 creatures vanquished.

Vanquished Creatures (others)
  An orc warrior (D:10)
  A kobold skeleton (D:5)
2 creatures vanquished.

Grand Total: 336 creatures vanquished

Notes
Turn   | Place    | Note
-------+----------+-------------------------------------------
     0 | D:1      | Cykl0x the Formicid Fighter began the quest for the Orb.
     0 | D:1      | Reached XP level 1. HP: 18/18 MP: 1/1
   173 | D:1      | Reached XP level 2. HP: 14/24 MP: 2/2
   485 | D:1      | Reached XP level 3. HP: 29/29 MP: 3/3
   703 | D:2      | Reached XP level 4. HP: 37/37 MP: 4/4
   745 | D:2      | Found a transporter.
   747 | D:2      | Noticed a necrophage
   761 | D:2      | Found a transporter.
   761 | D:2      | Found an ancient bone altar of Kikubaaqudgha.
   765 | D:2      | Noticed Menkaure
   771 | D:2      | Found a basalt altar of Yredelemnul.
   998 | D:2      | Reached XP level 5. HP: 41/42 MP: 5/5
  1640 | D:2      | Killed Menkaure
  1640 | D:2      | Reached skill level 1 in Dodging
  1640 | D:2      | Reached skill level 5 in Shields
  1640 | D:2      | Reached XP level 6. HP: 27/47 MP: 6/6
  1641 | D:2      | Killed a necrophage
  1641 | D:2      | Reached skill level 1 in Throwing
  1661 | D:2      | Got a wavering brass ring
  1671 | D:2      | Identified the ring "Qeunkoj" {rF+ rC+ SInv Stlth+} (You
                  | found it on level 2 of the Dungeon)
  1978 | D:3      | Reached XP level 7. HP: 53/53 MP: 7/7
  2293 | D:4      | Found an ornate altar of the Wu Jian Council.
  2456 | D:4      | Reached skill level 5 in Long Blades
  2797 | D:4      | Found a deep blue altar of Sif Muna.
  2833 | D:5      | Entered Level 5 of the Dungeon
  2841 | D:5      | Found a sacrificial altar of Ru.
  2875 | D:5      | Reached XP level 8. HP: 60/60 MP: 8/8
  3049 | D:5      | Reached skill level 5 in Fighting
  3348 | D:5      | Found a staircase to the Ecumenical Temple.
  3353 | Temple   | Entered the Ecumenical Temple
  3532 | D:5      | Reached skill level 5 in Armour
  3704 | D:5      | Found a runed translucent door.
  3704 | D:5      | Noticed a human
  3705 | D:5      | Found a basalt altar of Yredelemnul.
  3987 | D:5      | Killed a human
  3987 | D:5      | Reached XP level 9. HP: 65/68 MP: 9/9
  4149 | D:5      | Found a bloodstained altar of Trog.
  4544 | D:6      | Found a hazy altar of Hepliaklqana.
  4713 | D:6      | Noticed an angel
  4715 | D:6      | Found a shimmering altar of Xom.
  4715 | D:6      | Found a glowing silver altar of Zin.
  5603 | D:7      | HP: 3/69 [wight/+3 dire flail (5)]
  6104 | D:7      | Found a burning altar of Makhleb.
  6118 | D:7      | Became a worshipper of Makhleb the Destroyer
  6193 | D:7      | Reached XP level 10. HP: 76/76 MP: 10/10
  6228 | D:7      | Reached skill level 1 in Invocations
  6434 | D:8      | Found Caseleti's Book Boutique.
  6560 | D:8      | Found a hide-covered altar of Uskayaw.
  7073 | D:8      | Found a sacrificial altar of Ru.
  7665 | D:9      | Reached * piety under Makhleb
  7756 | D:9      | Reached skill level 1 in Stealth
  7997 | D:9      | Found an iron altar of Okawaru.
  8220 | D:10     | Entered Level 10 of the Dungeon
  8287 | D:10     | Noticed a centaur warrior
  8287 | D:10     | Noticed a cyclops
  8287 | D:10     | Noticed a freezing wraith
  8287 | D:10     | Noticed a wizard
  8316 | D:10     | Killed a centaur warrior
  8316 | D:10     | Reached XP level 11. HP: 74/83 MP: 14/14
  8331 | D:10     | Reached skill level 5 in Invocations
  8332 | D:10     | Killed a wizard
  8364 | D:10     | Reached ** piety under Makhleb
  8364 | D:10     | Reached skill level 10 in Long Blades
  8704 | D:10     | Found a staircase to the Lair.
  8734 | D:10     | Killed a cyclops
  8936 | D:10     | Noticed a swamp dragon
  8996 | D:10     | Killed a swamp dragon
  8996 | D:10     | Reached skill level 10 in Shields
  9481 | D:10     | Noticed an ogre mage
  9491 | D:10     | Killed an ogre mage
  9664 | D:11     | Reached *** piety under Makhleb
  9796 | D:11     | Reached XP level 12. HP: 91/91 MP: 17/17
  9833 | D:11     | Noticed a two-headed ogre
  9849 | D:11     | Killed a two-headed ogre
 10123 | D:11     | Noticed a two-headed ogre
 10134 | D:11     | Killed a two-headed ogre
 10246 | D:11     | Noticed a two-headed ogre
 10254 | D:11     | Killed a two-headed ogre
 10327 | D:11     | Noticed a two-headed ogre
 10333 | D:11     | Killed a two-headed ogre
 10969 | D:12     | Reached **** piety under Makhleb
 10982 | D:12     | Found a staircase to the Orcish Mines.
 12029 | D:12     | Noticed a stone giant
 12029 | D:12     | Noticed an ettin
 12029 | D:12     | Noticed a centaur warrior
 12057 | D:12     | Killed a stone giant
 12061 | D:12     | Killed a centaur warrior
 12064 | D:12     | HP: 4/93 [ettin/cursed -1 dire flail (28)]
 12064 | D:12     | Slain by an ettin

Skill      XL: |  1  2  3  4  5  6  7  8  9 10 11 12 |
---------------+-------------------------------------+-----
Long Blades    | 3 4 5 6 7 9 10 11 | 11.9
Shields        | 4 5 6 8 9 10 11 | 11.1
Armour         | 4 5 6 7 8 |  8.2
Dodging        | 1 2 3 |  3.6
Fighting       | 4 5 6 7 8 |  8.2
Throwing       | 1 2 3 4 |  4.4
Invocations    | 4 7 8 |  8.4
Stealth        | 1 |  1.8

Action                   |  1- 3 |  4- 6 |  7- 9 | 10-12 || total
-------------------------+-------+-------+-------+-------++-------
Melee: Long sword        |    76 |   133 |   440 |       ||   649
       Great sword       |       |       |    44 |   570 ||   614
Throw: Javelin           |     6 |    23 |    22 |     5 ||    56
       Stone             |       |     6 |    20 |    29 ||    55
       Tomahawk          |       |       |    13 |    22 ||    35
 Abil: Dig               |     1 |       |    13 |    13 ||    27
Evoke: Wand              |       |       |       |     2 ||     2
  Use: Scroll            |     4 |     8 |     8 |    10 ||    30
       Potion            |       |     1 |     4 |     8 ||    13
 Stab: Distracted        |       |       |       |     1 ||     1
  Eat: Chunk             |       |     4 |    21 |    38 ||    63
Armor: Scale mail        |    40 |    46 |   100 |    54 ||   240
       Swamp dragon scal |       |       |       |    16 ||    16
       Plate armour      |       |       |       |    53 ||    53
Dodge: Dodged            |    35 |    41 |    80 |   125 ||   281
Block: Shield            |    41 |    22 |       |       ||    63
       Large shield      |       |    74 |   360 |   546 ||   980
       Rpst.: Long sword |    11 |    14 |    16 |       ||    41
       Great sword       |       |       |     5 |    36 ||    41
